Map: Eternal Empire LE

Players

A.I. 1 (Harder)

  • Race: Zerg Zerg
  • Spawn Location: 1:00

Throwfordays - Winner!

  • Race: Protoss Protoss
  • League: Silver
  • Spawn Location: 7:00

VOD

Have the link to the VOD?

Description

Time

  • Played on: Sept. 12, 2020, 11:55 a.m.
  • Length: 10:53
Show
View Real Time Build Order
Export as new Build Order

A.I. 1 (Harder) Zerg 

Build Orders: 1 Base Baneling Bust, Pool First 

Get SALT Encoding   

  12  0:00  Drone  
  13  0:12  Overlord  
  13  0:16  Drone  
  14  0:30  Drone  
  14  0:31  Drone  
  16  0:43  Spawning Pool  
  16  0:45  Drone  
  16  0:50  Drone  
  16  0:52  Extractor  
  16  0:55  Drone  
  17  1:06  Overlord  
  17  1:31  Zergling x2  
  17  1:32  Queen  
  20  1:35  Zergling x2  
  20  1:37  Roach Warren  
  20  1:38  Drone  
  21  1:44  Extractor  
  20  1:49  Drone  
  21  2:00  Drone  
  22  2:12  Drone  
  23  2:21  Overlord  
  23  2:32  Drone  
  24  2:39  Roach  
  24  2:43  Roach  
  28  2:44  Overlord  
  28  2:47  Roach  
  30  2:54  Roach  
  32  3:05  Roach  
  34  3:11  Roach  
  36  3:15  Overlord, Roach  
  36  3:19  Roach  
  40  3:28  Roach  
  42  3:34  Baneling Nest  
  42  3:38  Drone  
  42  3:42  Drone x2, Roach  
  46  3:50  Drone  
  47  3:56  Evolution Chamber  
  47  4:01  Drone  
  47  4:12  Drone  
  47  4:13  Overlord  
  47  4:14  Drone x2  
  50  4:23  Drone  
  51  4:42  Lair  
  51  4:51  Overlord  
  51  5:03  Zerg Melee Weapons Level 1  
  50  5:25  Zergling x2  
  48  5:40  Burrow  
  48  5:42  Hydralisk Den  
  39  5:53  Roach  
  31  6:01  Roach  
  33  6:09  Roach  
  35  6:13  Spore Crawler  
  35  6:17  Roach  
  36  6:18  Spore Crawler  
  36  6:20  Drone  
  36  6:24  Hydralisk  
  38  6:26  Hatchery  
  38  6:30  Drone  
  38  6:32  Ravager, Hydralisk  
  41  6:40  Hydralisk  
  43  6:48  Hydralisk  
  43  6:53  Overseer  
  45  6:54  Spine Crawler  
  45  6:55  Drone  
  45  6:56  Hydralisk  
  45  6:57  Zerg Ground Armor Level 1  
  47  7:02  Spine Crawler  
  47  7:04  Drone, Roach  
  49  7:11  Hydralisk  
  49  7:14  Queen  
  53  7:19  Overseer  
  53  7:20  Ravager x2, Roach  
  57  7:28  Roach  
  59  7:31  Infestation Pit  
  59  7:33  Drone  
  59  7:39  Drone  
  59  7:40  Drone  
  61  7:45  Drone  
  61  7:50  Drone  
  63  7:52  Drone  
  63  7:56  Drone  
  63  7:58  Drone  
  66  8:01  Drone  
  66  8:03  Drone  
  68  8:08  Drone, Overlord  
  68  8:10  Drone  
  70  8:19  Drone  
  71  8:20  Drone  
  71  8:25  Drone x2  
  71  8:26  Spore Crawler  
  73  8:27  Drone  
  73  8:30  Drone  
  73  8:33  Overlord  
  75  8:41  Spore Crawler, Drone  
  75  8:42  Drone, Roach  
  75  8:44  Pneumatized Carapace  
  57  8:55  Hatchery  
  45  9:06  Spire  
  44  9:10  Hydralisk  
  44  9:16  Hydralisk  
  48  9:19  Evolution Chamber  
  47  9:28  Extractor  
  47  9:29  Overseer  
  47  9:31  Extractor  
  45  9:40  Zergling x6  
  45  9:41  Zergling x6  
  51  9:50  Hydralisk  
  40  10:01  Drone  
  40  10:03  Drone x3, Hydralisk  
  30  10:11  Drone  
  27  10:19  Drone  
  27  10:20  Mutalisk  
  19  10:23  Drone  
  19  10:24  Extractor  
  19  10:26  Drone x2  
  19  10:28  Drone  
  17  10:39  Drone  
Show
View Real Time Build Order
Export as new Build Order

Throwfordays Protoss - Winner!

Build Orders: 1 Gate Expand, Double Forge 

Get SALT Encoding   

  12  0:01  Probe  
  13  0:13  Probe  
  14  0:24  Pylon  
  14  0:25  Probe  
  15  0:42  Probe  
  16  0:45  Gateway  
  16  0:54  Probe  
  17  1:04  Assimilator  
  17  1:06  Probe  
  18  1:24  Nexus  
  18  1:27  Probe (Chrono Boost)  
  19  1:39  Probe (Chrono Boost)  
  20  1:40  Cybernetics Core  
  20  1:56  Gateway  
  20  2:07  Gateway  
  20  2:13  Assimilator  
  20  2:16  Warp Gate (Chrono Boost)  
  20  2:17  Pylon  
  20  2:30  Stalker  
  20  2:35  Probe (Chrono Boost)  
  25  2:45  Probe x2 (Chrono Boost)  
  25  2:50  Probe (Chrono Boost)  
  25  2:51  Probe  
  25  2:56  Stalker  
  29  3:03  Probe x2  
  31  3:15  Probe x2  
  33  3:24  Stalker  
  35  3:27  Probe  
  36  3:38  Probe  
  36  3:39  Probe  
  38  3:49  Gateway  
  38  3:50  Probe  
  38  3:51  Pylon, Probe  
  40  3:58  Stalker x2  
  40  4:02  Probe  
  45  4:03  Probe  
  45  4:05  Pylon  
  46  4:15  Pylon  
  46  4:16  Probe  
  47  4:18  Probe  
  48  4:28  Probe  
  48  4:29  Nexus  
  48  4:30  Probe  
  50  4:31  Pylon  
  50  4:39  Assimilator  
  50  4:40  Probe  
  50  4:42  Assimilator, Probe  
  52  4:51  Forge x2  
  52  5:05  Probe  
  53  5:07  Probe  
  53  5:13  Stalker x2  
  53  5:14  Stalker x2  
  60  5:18  Probe  
  60  5:37  Stalker x3  
  60  5:38  Stalker  
  58  5:59  Probe  
  58  6:02  Probe  
  60  6:04  Probe  
  60  6:10  Stalker  
  60  6:11  Stalker x3, Probe  
  66  6:14  Probe  
  66  6:16  Probe  
  72  6:23  Probe  
  73  6:26  Probe  
  73  6:27  Robotics Facility  
  73  6:28  Probe  
  73  6:30  Robotics Facility  
  75  6:41  Probe  
  76  6:48  Probe  
  76  6:51  Probe  
  76  6:52  Pylon  
  76  6:53  Probe  
  79  7:00  Probe  
  80  7:03  Probe  
  80  7:05  Probe  
  82  7:11  Gateway  
  82  7:12  Probe  
  82  7:15  Probe  
  84  7:22  Assimilator  
  84  7:23  Immortal  
  84  7:24  Probe, Immortal  
  84  7:28  Assimilator  
  93  7:43  Stalker x4  
  101  7:53  Pylon  
  101  7:55  Pylon  
  101  7:57  Pylon  
  101  8:09  Pylon  
  101  8:11  Probe, Immortal  
  101  8:12  Pylon  
  106  8:14  Gateway, Immortal  
  106  8:16  Gateway  
  106  8:19  Stalker  
  112  8:23  Probe  
  113  8:33  Stalker x2  
  113  8:34  Stalker x2  
  119  8:50  Observer  
  119  8:53  Observer  
  111  9:10  Immortal (Chrono Boost)  
  111  9:11  Immortal (Chrono Boost)  
  119  9:28  Stalker  
  119  9:29  Stalker x6  
  133  9:35  Pylon  
  133  9:45  Nexus  
  133  9:47  Pylon  
  133  9:49  Assimilator  
  133  9:53  Assimilator  
  133  10:36  Stalker x5  
  133  10:37  Stalker x2  
Tags
 
Add a new tag
Caveats
  • Supply blocks, unpowered buildings, or Contaminate may cause inaccurate times.
  • Supply counts are checked every 10 seconds.